[Event "FIDE World School-ch O-15 2025"]
[Site "Vrnjacka Banja"]
[Date "2025.03.21"]
[Round "2.1"]
[White "Kuka Kyle"]
[Black "Scheglov, Gleb"]
[Result "0-1"]
[Annotator "TA"]
[ECO "B10"]
[WhiteElo "1961"]
[BlackElo "2306"]
[PlyCount "66"]
[EventDate "2025.03.19"]
[EventType "swiss"]
[EventCountry "SRB"]
[SourceTitle "playchess.com"]
[Source "ChessBase"]
[SourceQuality "1"]
[TimeControl "5400+30"]

1. e4 c6 2. d3 d5 3. Nd2 e5 4. Ngf3 Bd6 5. g3 Nf6 6. Bg2 O-O 7. O-O Re8 8. Re1 Bc7 {[%emt 0:03:28] B10: Caro-Kann: 2 d3 and 2 c4.} 9. c3 a5 10. a4 Na6 $146 {[%emt 0:01:49] Black is slightly better.} ({Predecessor:} 10... h6 11. b3 dxe4 12. dxe4 b5 13. Qe2 Nbd7 14. axb5 cxb5 15. b4 Bb6 16. Bb2 Bb7 {½-½ Brotherton,T (2059)-Tudor,V (2278) Webchess op7 Gr091 email 2017}) 11. Qc2 Nc5 12. b4 axb4 13. cxb4 {[%emt 0:07:35] White sacrificed a pawn} dxe4 14. bxc5 exf3 15. Nxf3 Bf5 16. Rd1 Qc8 (16... Qd7 $17) 17. Qc4 (17. Ng5 $15) 17... h6 18. Bb2 Be6 19. Qc2 Bd5 20. d4 e4 {[%emt 0:13:07] Black is more active.} 21. Ne5 Nd7 ({Black should play} 21... Qe6 $15 22. Ra3 h5) 22. Bh3 $11 {[%emt 0:04:07] [#]} Nxe5 23. Bxc8 $16 Nf3+ {[%emt 0:00:02] [#]} 24. Kf1 $1 Raxc8 {[%emt 0:00:08] [#]} 25. Ra3 (25. Bc1 $1 $16) 25... Nxh2+ $11 26. Kg2 Nf3 {[%emt 0:00:38][%cal Oe4e3] aiming for ...e3!.} 27. Re3 f5 28. Rde1 $2 f4 $1 $19 (28... Nxe1+ 29. Rxe1 f4 30. gxf4 $17) 29. gxf4 Bxf4 {[%emt 0:00:38] Black has a strong knight and is better A strong pair of Bishops.} (29... Nxe1+ 30. Rxe1 e3+ (30... Bxf4 31. Bc1 $11) 31. Kf1 $11) 30. R1e2 (30. Kf1 $17) 30... Bxe3 31. Rxe3 {[%emt 0:01:07] White is weak on the light squares} (31. fxe3 Re6 32. Kf1) 31... Re6 {[%emt 0:00:07] ( -> ...Rg6+)} 32. Kf1 (32. Qc3 $142) 32... Rf8 $2 (32... Bc4+ 33. Re2 Ba6 (33... Bxe2+ 34. Kxe2 Rc7 35. Qb3 $17)) 33. Bc3 Bc4+ {[%emt 0:00:22] Weighted Error Value: White=0.64/Black=0.31  Loses game:     	White=1     	---        Mistake:       	White=5     	Black=4      Inaccurate:     	White=3     	Black=1      OK:         	White=7     	Black=9      Best:        	White=2     	Black=4      Strong:       	White=1     	Black=1} 0-1

[Event "FIDE World School-ch O-15 2025"]
[Site "Vrnjacka Banja"]
[Date "2025.03.21"]
[Round "2.2"]
[White "Tabatadze, Erekle"]
[Black "Markovic, Kosta"]
[Result "1-0"]
[Annotator "TA"]
[ECO "E44"]
[WhiteElo "2180"]
[BlackElo "1903"]
[PlyCount "93"]
[EventDate "2025.03.19"]
[EventType "swiss"]
[EventCountry "SRB"]
[SourceTitle "playchess.com"]
[Source "ChessBase"]
[SourceQuality "1"]
[TimeControl "5400+30"]

1. d4 Nf6 2. c4 e6 3. Nc3 Bb4 4. e3 b6 5. Nge2 Bb7 6. a3 Be7 7. d5 O-O 8. e4 d6 {[%emt 0:03:34] E44: Nimzo-Indian: Rubinstein: 4...b6 5 Ne2.} (8... Re8 $11) 9. Ng3 exd5 10. cxd5 c5 $146 (10... c6 $11) (10... Nbd7 11. Be2 a5 12. O-O Re8 13. Rb1 Bf8 14. f3 g6 15. Be3 Bg7 16. Bd4 Nc5 {1-0 Merriman,J (2251)-Saim,M (2169) Titled Tuesday intern op 19th Dec Late blitz 2023 (9)}) 11. dxc6 ({Better is} 11. Nf5 $16) 11... Bxc6 (11... Nxc6 $14 {should be considered.} 12. Be2 Qd7) 12. Bc4 $1 $16 Nbd7 13. O-O Nc5 14. f3 Bd7 15. Be3 a6 16. b4 Be6 17. Bxe6 Nxe6 18. Nf5 Re8 19. Nd5 (19. Qd2 $18) 19... Nxd5 20. Qxd5 g6 {[%emt 0:04:37] [#]} (20... b5 $142) 21. Nxe7+ $1 Rxe7 22. Rfd1 {[%emt 0:01:18][%csl Od6] White attacks a weakness} Rd7 23. Rac1 b5 24. Rc6 (24. e5 $18) 24... Nc7 25. Qd4 {[%emt 0:03:04] White is much more active. Black is weak on the dark squares} d5 (25... Ne6 $16 {was worth a try.} 26. Qd3 Qf6) 26. Qe5 $18 Qe8 27. Qxe8+ Rxe8 28. Bb6 Ree7 29. Kf2 f5 30. Bxc7 Rxc7 31. exd5 {[%emt 0:00:33][%cal Be4d5,Bd5c6][%mdl 32] Rxc7 is the strong threat.} (31. Rxa6 dxe4 32. fxe4 Rc2+ 33. Kg1 Kg7 $11) 31... Rxc6 (31... Kf7 32. Rdc1 (32. Rxa6 Rc2+ 33. Kg3 Ree2 $18) 32... Rxc6 33. dxc6 Rc7) 32. dxc6 {[%emt 0:20:14][%mdl 4096] Endgame KR-KR. White is a pawn up.} Rc7 33. Rd8+ Kf7 {[%emt 0:00:10] [#]} 34. Rd7+ $1 ({Inferior is} 34. Rd6 Ke7 35. Rd7+ Rxd7 36. cxd7 Kxd7 $11) 34... Rxd7 35. cxd7 {[%emt 0:00:00] KP-KP. White is a pawn up.} Ke7 36. Ke3 Kxd7 37. Kd4 Kd6 38. f4 Kc6 39. Ke5 a5 40. Ke6 Kb6 41. Kd6 h6 42. h4 {[%emt 0:00:00] Intending Ke6 and mate.} h5 43. g3 {[%emt 0:00:00] White mates.} axb4 44. axb4 Kb7 45. Kc5 Ka6 46. Kc6 Ka7 47. Kxb5 {[%emt 0:00:00] Weighted Error Value: White=0.12 (very precise) /Black=0.88  Mistake:       	White=3     	Black=5      Inaccurate:     	---       	Black=2      OK:         	White=12    	Black=4      Best:        	---       	Black=1      Strong:       	White=1     	---} 1-0

[Event "FIDE World School-ch O-15 2025"]
[Site "Vrnjacka Banja"]
[Date "2025.03.21"]
[Round "2.3"]
[White "Panic, Viktor"]
[Black "Tulendinov, Dinmukhammed"]
[Result "1/2-1/2"]
[Annotator "TA"]
[ECO "B48"]
[WhiteElo "1945"]
[BlackElo "2173"]
[PlyCount "54"]
[EventDate "2025.03.19"]
[EventType "swiss"]
[EventCountry "SRB"]
[SourceTitle "playchess.com"]
[Source "ChessBase"]
[SourceQuality "1"]
[TimeControl "5400+30"]

1. e4 c5 2. Nf3 e6 3. d4 cxd4 4. Nxd4 Nc6 5. Nc3 Qc7 6. Be3 a6 7. Qf3 {[%emt 0:00:08] B48: Sicilian: Taimanov: 5 Nc3 Qc7 6 Be3 a6 without Be2.} Bd6 {[%emt 0:00:32] Prevents Qg3.} 8. O-O-O Be5 9. Kb1 {[%emt 0:07:39] White is slightly better.} b5 10. Nxc6 Qxc6 11. Bd4 Bxd4 12. Rxd4 Ne7 13. Be2 O-O 14. h4 $146 (14. Rhd1 Qc7 15. Rd6 Rb8 16. Qg3 Qa5 17. Bd3 b4 18. Ne2 Rb6 19. h4 Nc6 20. e5 {0-1 Darmaeva,N (1903)-Khuslen,E (1910) Asia-ch U16 Girls 2023 (9)}) 14... Qc5 15. Rd2 b4 16. Nd1 d5 17. exd5 Nxd5 18. Ne3 Bb7 $36 {[%emt 0:05:02][%mdl 2048] Black has some pressure.} 19. Nxd5 Bxd5 20. Qg3 {[%emt 0:01:16] [#] White does not recover from this.} ({Better is} 20. Qf4 $15) 20... Bxa2+ $1 $19 21. Kxa2 {[%emt 0:01:52] [#] Qe3 is the strong threat.} (21. Kc1 Qa5) 21... b3+ $1 22. Kb1 {[%emt 0:06:15] [#]} (22. cxb3 Qa5+ 23. Kb1 Qxd2 $19) 22... Qa5 $1 23. Qxb3 Qxd2 {[%emt 0:00:02] Black has a decisive advantage.} 24. Qd3 Qb4 25. h5 h6 {[%emt 0:00:06] And now ...Rab8 would win.} 26. c3 Qb6 27. Qe3 Rfb8 {[%emt 0:13:39] Weighted Error Value: White=0.30/Black=0.14 (very precise)   Loses game:     	White=1     	---        Mistake:       	---       	Black=1      Inaccurate:     	White=4     	Black=1      OK:         	White=7     	Black=7      Best:        	White=1     	---        Strong:       	---       	Black=1      Brilliant:      	---       	Black=2} (27... Qa5 $19 28. Rc1 Rab8) 1/2-1/2

[Event "FIDE World School-ch O-15 2025"]
[Site "Vrnjacka Banja"]
[Date "2025.03.21"]
[Round "2.4"]
[White "Blagoveshchenskiy, Roman"]
[Black "Durucay, Uygar"]
[Result "1-0"]
[Annotator "TA"]
[ECO "D61"]
[WhiteElo "1910"]
[BlackElo "2159"]
[PlyCount "89"]
[EventDate "2025.03.19"]
[EventType "swiss"]
[EventCountry "SRB"]
[SourceTitle "playchess.com"]
[Source "ChessBase"]
[SourceQuality "1"]
[TimeControl "5400+30"]

1. d4 Nf6 2. c4 e6 3. Nf3 d5 4. Nc3 Nbd7 5. Bg5 h6 6. Bh4 Be7 7. e3 O-O 8. cxd5 Nxd5 9. Bxe7 Qxe7 10. Nxd5 exd5 11. Bd3 c6 12. O-O Nf6 13. Qc2 Ne4 {[%emt 0:07:30] D61: Queen's Gambit Declined: Classical: 7 Qc2.} 14. Ne5 Re8 $146 (14... Nf6 15. Rfe1 Ng4 16. Nf3 Be6 17. h3 Nf6 18. Ne5 Rac8 19. Nf3 c5 20. Qd2 c4 21. Bc2 {0-1 Koszo,A-Rab,J HUN-chT2 Toth 0708 2007 (4)}) 15. f3 Nd6 {[%emt 0:01:29] The position is equal.} 16. e4 Be6 17. Rae1 Qd8 18. Qf2 Qb6 $1 19. Bb1 Rad8 20. Rd1 Bc8 21. exd5 cxd5 22. g4 Nb5 23. Kg2 Nd6 (23... Nxd4 $142 24. Qxd4 Qxd4 25. Rxd4 Rxe5) 24. Qc2 f5 (24... g6 $5) 25. a4 Be6 26. b3 Rc8 27. Qd3 Qc7 28. Rfe1 Qc3 29. h3 a6 30. Rd2 Qb4 (30... Qxd3 31. Nxd3 fxg4 32. hxg4 Rc3) 31. Re3 Rc1 {[%emt 0:01:41][%cal Oc1b1] Hoping for ...Rxb1!. Counterplay White} 32. Rde2 (32. Rd1 {simplifies} Qa3 33. Rde1 Rxe1 34. Rxe1 Qb2+ 35. Re2) 32... Ne4 $2 33. gxf5 $18 (33. fxe4 $2 fxe4 $17 (33... dxe4 $2 34. Qd2 $19)) 33... Bxf5 34. fxe4 dxe4 35. Rxe4 Qd6 {[%emt 0:01:20] [#] Dodges Nc6} (35... Qc3 36. Qf3 (36. Qxc3 Rxc3 $18) 36... Qxf3+ 37. Nxf3 Rb8) 36. Qf3 $1 Be6 (36... Bxe4 37. Bxe4) 37. Bd3 Bd5 38. Bc4 Rxe5 (38... b5 $142 39. Bxd5+ (39. axb5 axb5 40. Bxd5+ Qxd5 $18) 39... Qxd5 40. axb5 Rf8) 39. dxe5 Qc5 40. Qe3 Rxc4 41. bxc4 Qxc4 {[%emt 0:00:07] [#]} 42. e6 $1 {[%emt 0:00:30] and e7 should not be overlooked} Qxa4 {[%emt 0:00:21] [#]} (42... Qb4 43. Kh2) 43. e7 $1 {[%emt 0:00:17] White mates.} Qe8 {[%emt 0:00:05] [#]} 44. Qf3 $1 Bf7 (44... Bc6 45. Kf2) 45. Rf2 {[%emt 0:00:19] Weighted Error Value: White=0.08 (flawless) /Black=0.86  Loses game:     	---       	Black=1      Mistake:       	---       	Black=3      Inaccurate:     	White=6     	Black=4      OK:         	White=7     	Black=8      Best:        	White=3     	---        Strong:       	---       	Black=1} 1-0

[Event "FIDE World School-ch O-15 2025"]
[Site "Vrnjacka Banja"]
[Date "2025.03.21"]
[Round "2.5"]
[White "Kutanjac, Aleksandar"]
[Black "Dandeniya, D D L N"]
[Result "0-1"]
[Annotator "TA"]
[ECO "A48"]
[WhiteElo "2103"]
[BlackElo "1881"]
[PlyCount "98"]
[EventDate "2025.03.19"]
[EventType "swiss"]
[EventCountry "SRB"]
[SourceTitle "playchess.com"]
[Source "ChessBase"]
[SourceQuality "1"]
[TimeControl "5400+30"]

1. d4 d6 2. Bf4 Nf6 3. e3 g6 4. Nf3 Bg7 5. c3 O-O 6. Bc4 b6 7. O-O Bb7 8. h3 Nbd7 9. Nbd2 Qe8 10. Qe2 {[%emt 0:02:21] A48: 1 d4 Nf6 2 Nf3 g6: Torre, London and Colle Systems.} e5 11. dxe5 dxe5 12. Bh2 {[%emt 0:00:09] The position is equal.} Qe7 13. Rfd1 Rad8 $146 (13... Kh8 14. Nb3 a5 15. a4 Rad8 16. Rd2 Ne4 17. Rdd1 Nd6 18. Ba6 Ba8 19. Nfd2 f5 {0-1 Zupec,J (1923)-White,K (2064) Ptuj op 2008 (7)}) 14. Rac1 e4 15. Ne1 Ne5 16. Ba6 Ba8 17. Nc4 {[%emt 0:02:16] [#]} (17. Ra1 $15 {deserves consideration.}) 17... Nd3 $1 $17 18. Nxd3 (18. Rb1 Nc5) 18... exd3 {[%emt 0:00:12][%csl Od3] Black has a strong passed pawn. Black plays in the center} 19. Qf1 {[%emt 0:00:02][%cal Of2f3] [#]} (19. Rxd3 $2 Qe4 20. Qf1 Rxd3 $19 (20... Qxd3 $2 21. Qxd3 Rxd3 22. Nxb6 $19)) 19... Ne4 $1 20. Nd2 (20. Rxd3 $2 Rxd3 21. Qxd3 Nc5 $19) 20... Nc5 {[%emt 0:02:24] Black has more active pieces.} 21. Bc4 a6 $36 {[%emt 0:02:46][%mdl 2048] Keeping White busy.} 22. Nb3 {[%emt 0:03:02] [#]} Na4 ({Black should try} 22... b5 $1 $17 23. Bxd3 Nxd3 24. Rxd3 Bxg2) 23. Rb1 $11 b5 24. Bxd3 b4 25. cxb4 (25. Bxa6 Rxd1 26. Rxd1 Nxb2 27. cxb4 Nxd1 28. Qxd1 Qxb4 $17) (25. Rd2 $11) 25... Nxb2 $15 26. Rd2 {[%emt 0:00:25] This move loses the game for White.} (26. Nc5 $17) 26... Nxd3 $19 27. Rxd3 Rxd3 28. Qxd3 Be4 {[%emt 0:00:07] This pair of bishops is nice.} (28... Qxb4 29. f3 $14 (29. Bxc7 $2 Qb7 $19) (29. Qxa6 Bxg2 $15)) 29. Qf1 Bxb1 ({Not} 29... Qxb4 30. Rc1 $11) 30. Qxb1 Qxb4 31. Bxc7 Rc8 32. Bg3 h5 33. Qd3 Qb5 34. Qxb5 (34. Qe4 {was worth a try.}) 34... axb5 {[%emt 0:00:07][%mdl 4096] Endgame KRB-KBN} 35. Bd6 Rc2 36. a3 Bf8 37. Bxf8 Kxf8 {[%emt 0:00:09] KR-KN} 38. Nd4 Rb2 39. g4 $2 (39. e4) 39... hxg4 {[%emt 0:01:27] Black is clearly winning.} 40. hxg4 Ke7 41. Kg2 Kd6 42. g5 Kc5 43. Kg3 Ra2 44. Kf4 Rxa3 45. Ke5 b4 46. Kf6 Ra7 (46... b3 $142 47. Nxb3+ Rxb3 48. Kxf7 Rb6) 47. f4 Kd5 48. f5 gxf5 {[%emt 0:01:22][%cal Of5f4] White must now prevent ...f4!.} 49. Kxf5 Re7 {[%emt 0:00:30] Weighted Error Value: White=0.86/Black=0.21 (precise)   Mistake:       	White=5     	Black=1      Inaccurate:     	White=4     	---        OK:         	White=11    	Black=18     Best:        	White=3     	Black=5      Strong:       	---       	Black=1} 0-1

[Event "FIDE World School-ch O-15 2025"]
[Site "Vrnjacka Banja"]
[Date "2025.03.21"]
[Round "2.6"]
[White "Dascalescu, Adelin-Stefan"]
[Black "Hettigoda, Dhanodya Budmina"]
[Result "1/2-1/2"]
[Annotator "NA RC"]
[ECO "A40"]
[WhiteElo "2061"]
[BlackElo "1837"]
[PlyCount "74"]
[EventDate "2025.03.19"]
[EventType "swiss"]
[EventCountry "SRB"]
[SourceTitle "playchess.com"]
[Source "ChessBase"]
[SourceQuality "1"]
[TimeControl "5400+30"]

1. d4 e6 2. c4 b6 3. Nc3 Bb7 4. e4 Bb4 5. Qc2 Qh4 6. Bd3 Bxc3+ 7. bxc3 f5 8. g3 Qh5 9. Be2 Qf7 10. f3 fxe4 11. fxe4 Qg6 12. Bd3 Nf6 13. d5 Ng4 14. Nf3 Qh5 15. O-O O-O 16. Qe2 Ne5 17. Nxe5 Rxf1+ 18. Kxf1 Qxe5 19. Bf4 Qxc3 20. Rc1 Qf6 21. e5 Qf7 22. Qe4 Qg6 23. Qf3 Qe8 24. Be4 Na6 25. Kg1 Nc5 26. Bb1 Qf7 27. Rd1 Kh8 28. Qg2 Rf8 29. Be3 Qh5 30. Rf1 Rxf1+ 31. Qxf1 Kg8 32. Bxc5 bxc5 33. dxe6 dxe6 34. Qd3 Qxe5 35. Qd8+ Kf7 36. Qd7+ Kf6 37. Qd8+ Kf7 1/2-1/2

[Event "FIDE World School-ch O-15 2025"]
[Site "Vrnjacka Banja"]
[Date "2025.03.21"]
[Round "2.7"]
[White "Rakic, Nikola V"]
[Black "Kabinazar, Nurmukhammed"]
[Result "0-1"]
[Annotator "NA RC"]
[ECO "E46"]
[WhiteElo "1894"]
[BlackElo "2057"]
[PlyCount "80"]
[EventDate "2025.03.19"]
[EventType "swiss"]
[EventCountry "SRB"]
[SourceTitle "playchess.com"]
[Source "ChessBase"]
[SourceQuality "1"]
[TimeControl "5400+30"]

1. d4 Nf6 2. c4 e6 3. Nc3 Bb4 4. Bd2 O-O 5. e3 d5 6. a3 Be7 7. Nf3 b6 8. cxd5 exd5 9. Bd3 a6 10. b4 Bd6 11. Qc2 Re8 12. h3 Bb7 13. O-O Nbd7 14. Bc1 Nf8 15. b5 axb5 16. Nxb5 Ne6 17. Nxd6 Qxd6 18. Bb2 Ne4 19. Nd2 Nxd2 20. Qxd2 Ba6 21. Rfc1 Bxd3 22. Qxd3 c5 23. dxc5 bxc5 24. a4 Reb8 25. Qc2 d4 26. exd4 cxd4 27. Rd1 Qd5 28. Qd2 Rd8 29. Ra3 h6 30. a5 Ra6 31. f3 h5 32. Ra4 d3 33. Ra3 Nc5 34. Re1 Rg6 35. Re5 Qc4 36. Qc3 Qf4 37. Re1 Qxf3 38. Qd2 Ne4 39. Kh1 Nf2+ 40. Kg1 Qxg2# 0-1

[Event "FIDE World School-ch O-15 2025"]
[Site "Vrnjacka Banja"]
[Date "2025.03.21"]
[Round "2.8"]
[White "Avramovic, Aleksa"]
[Black "Harabor, David-Alexandru"]
[Result "0-1"]
[Annotator "NA RC"]
[ECO "B67"]
[WhiteElo "1862"]
[BlackElo "1989"]
[PlyCount "58"]
[EventDate "2025.03.19"]
[EventType "swiss"]
[EventCountry "SRB"]
[SourceTitle "playchess.com"]
[Source "ChessBase"]
[SourceQuality "1"]
[TimeControl "5400+30"]

1. e4 c5 2. Nf3 d6 3. d4 cxd4 4. Nxd4 Nf6 5. Nc3 Nc6 6. Bg5 Bd7 7. Qd2 a6 8. O-O-O b5 9. f3 e6 10. Nxc6 Bxc6 11. Kb1 Be7 12. h4 Qb6 13. Be3 Qb7 14. Ne2 d5 15. e5 Nd7 16. f4 b4 17. Nd4 Nc5 18. Bd3 Ne4 19. Bxe4 dxe4 20. f5 Bd5 21. Qf2 O-O-O 22. g4 Kb8 23. Nb3 Rc8 24. Rh3 Rhd8 25. Bb6 Bxb3 26. Rxd8 Bxc2+ 27. Ka1 Bxd8 28. Bxd8 e3 29. Rxe3 Rxd8 0-1